 Dungeon Crawl Stone Soup version 0.27.1-1-g398f81649c (webtiles) character file.

Game seed: 3580959007809737533

46 Kala the Ruffian (level 3, 0/36 HPs)
             Began as a Troll Monk on Sept 7, 2021.
             Slain by a goblin (3 damage)
             ... led by Robin
             ... on level 2 of the Dungeon.
             The game lasted 00:03:16 (718 turns).

Kala the Ruffian (Troll Monk)                        Turns: 718, Time: 00:03:17

Health: 0/36       AC:  4    Str: 20    XL:     3   Next: 46%
Magic:  2/2        EV: 10    Int:  6    God:
Gold:   93         SH:  0    Dex: 12    Spells: 2/2 levels left

rFire    . . .     SeeInvis .     - Unarmed
rCold    . . .     Faith    .   (no shield)
rNeg     . . .     Spirit   .   a - +0 robe
rPois    .         Reflect  .   (helmet restricted)
rElec    .         Harm     .   (no cloak)
rCorr    .         Rampage  .   (gloves unavailable)
Will     .....                  (boots unavailable)
Stlth    ++........             (no amulet)
HPRegen  1.12/turn              (no ring)
MPRegen  0.08/turn              (no ring)

@: no status effects
A: large, unfitting armour, claws 3, regeneration 1, shaggy fur 1, tough skin 1
a: no special abilities


You were on level 2 of the Dungeon.
You visited 1 branch of the dungeon, and saw 2 of its levels.

You collected 93 gold pieces.

Inventory:

Missiles
 b - 5 boomerangs (quivered)
 c - a throwing net
Armour
 a - a +0 robe (worn)
Potions
 d - a potion of curing {unknown}
 e - 2 potions of haste {unknown}
 f - a potion of flight {unknown}


   Skills:
 + Level 2.7 Fighting
 + Level 0.8 Throwing
 + Level 2.7 Dodging
 - Level 1.0 Stealth
 * Level 3.7 Unarmed Combat


You had 2 spell levels left.
You didn't know any spells.
Your spell library was empty.

Dungeon Overview and Level Annotations

Branches:
Dungeon (2/15)

Altars:

Annotations:
D:2 Robin


Innate Abilities, Weirdness & Mutations

You are too large for most types of armour.
You have claws for hands.
Your natural rate of healing is unusually fast.
You are covered in fur. (AC +1)
You have tough skin. (AC +1)


Message History

The goblin barely misses you. The goblin closely misses you.
You closely miss the goblin. The goblin closely misses you. x2
You barely miss the goblin. Your claw misses the goblin.
The goblin barely misses you. x3
Unknown command.
You claw the goblin!
You kill the goblin!
The goblin no longer looks unusually strong.
The goblin closely misses you.
The goblin no longer looks unusually strong.
The goblin hits you with a +0 club.
* * * LOW HITPOINT WARNING * * *
The goblin barely misses you. The goblin hits you but does no damage.
Robin throws the goblin at you!
* * * LOW HITPOINT WARNING * * *
The goblin hits you but does no damage.
Things that are here:
a +0 dagger; a goblin corpse You scratch the goblin.
The goblin is severely wounded.
The goblin no longer looks unusually strong.
The hobgoblin no longer looks unusually strong.
The goblin hits you but does no damage. x2; The goblin completely misses you.
The goblin closely misses you. The hobgoblin closely misses you.
You scratch the goblin but do no damage.
The goblin is severely wounded.
The goblin no longer looks unusually strong.
The goblin closely misses you. The goblin barely misses you.
The goblin hits you with a +0 dagger.
* * * LOW HITPOINT WARNING * * *
Robin roars a battlecry!
The goblins go into a battle-frenzy!
The goblin barely misses you. The hobgoblin hits you.
* * * LOW HITPOINT WARNING * * *
You claw the goblin!
You kill the goblin!
The goblin hits you with a +0 club.
* * * LOW HITPOINT WARNING * * *
The goblin hits you but does no damage. The goblin hits you with a +0 dagger.
You die...

..... ###. ... ....#
.# # ... ###.##. .
.g. #... #. #g# #..
#.##S# #.# #..#g##
###.# #.ggg## ....##
###@g.## .....####
##)#..#
###.....#######.....#
# ##.##.....)....####
####........##...#
.............###.#
####..........##..#
.###..............#
..##....>.....##..#


You could see Robin, an adder, 2 hobgoblins and 4 goblins.

Vanquished Creatures
  A dart slug (D:1)
  3 endoplasms
  10 goblins
  2 hobgoblins (D:1)
  8 jackals (D:1)
  A quokka (D:2)
  4 ball pythons
  3 bats (D:1)
  A frilled lizard (D:1)
  5 kobolds
  A rat (D:1)
39 creatures vanquished.

Notes
Turn   | Place    | Note
-------+----------+-------------------------------------------
     0 | D:1      | Kala the Troll Monk began the quest for the Orb.
     0 | D:1      | Reached XP level 1. HP: 22/22 MP: 0/0
   100 | D:1      | Reached XP level 2. HP: 29/29 MP: 1/1
   449 | D:1      | Reached XP level 3. HP: 36/36 MP: 2/2
   698 | D:2      | Noticed Robin
   718 | D:2      | Slain by a goblin

Illustrated notes

Levels and vault maps discovered:
D:1:      lemuel_arrival_cross, layout_basic
D:2:      layout_rooms, ebering_ecumenical_altar_rust, uniq_robin

Action                   || total
-------------------------++-------
Melee: Unarmed           ||    72
Throw: Boomerang         ||    38
Armor: Robe              ||    33
Dodge: Dodged            ||    47
